 Dungeon Crawl Stone Soup version 0.32-a0-975-g85d4e5bfdb (webtiles) character file.

Game seed: 9638769712371878411

769 Maxmaps the Vexing (level 7, 0/51 HPs)
             Began as a Gnoll Wanderer on Apr 19, 2024.
             Splashed by a jelly's acid (4 damage)
             ... on level 5 of the Dungeon.
             The game lasted 00:07:57 (3503 turns).

Maxmaps the Vexing (Gnoll Wanderer)                 Turns: 3503, Time: 00:07:58

Health: 0/51       AC: -1    Str: 13    XL:     7   Next: 82%
Magic:  13/13      EV: 14    Int: 14    God:
Gold:   238        SH:  0    Dex: 15    Spells: 13/14 levels left

rFire   . . .        p - +2 dagger (venom)
rCold   . . .        (no shield)
rNeg    . . .        e - +0 leather armour
rPois   .            (no helmet)
rElec   .            i - scarf {repulsion}
rCorr   .            q - +0 pair of gloves
SInv    .            n - +1 pair of boots
Will    .....        (no amulet)
Stlth   ++           j - +4 ring of protection
HPRegen 0.28/turn    g - +6 ring of dexterity
MPRegen 0.13/turn

%: repel missiles
@: corroded
A: fangs 1, strong nose, distributed training
a: no special abilities


You were on level 5 of the Dungeon.
You visited 1 branch of the dungeon, and saw 5 of its levels.
You also visited: Sewer.

You collected 238 gold pieces.

Inventory:

Hand Weapons
 p - a +2 dagger of venom (weapon)
Missiles
 b - 4 throwing nets (quivered)
Armour
 e - a +0 leather armour (worn)
 i - a scarf of repulsion (worn)
 n - a +1 pair of boots (worn)
 q - a +0 pair of gloves (worn)
Jewellery
 g - a +6 ring of dexterity (right hand)
 j - a +4 ring of protection (left hand)
Scrolls
 a - a scroll of vulnerability
 c - 3 scrolls of fog
 d - a scroll of summoning
 f - a scroll of enchant armour {unknown}
 h - a scroll of enchant weapon
 l - a scroll of brand weapon {unknown}
 m - 3 scrolls of identify
 s - 2 scrolls of teleportation
Potions
 k - 3 potions of might
 o - a potion of mutation {unknown}
 t - 2 potions of magic {unknown}
 u - a potion of haste {unknown}


   Skills:
 + Level 2.8 Fighting
 + Level 2.8 Short Blades
 + Level 2.8 Long Blades
 + Level 2.8 Axes
 + Level 2.8 Maces & Flails
 + Level 2.8 Polearms
 + Level 2.8 Staves
 + Level 2.8 Ranged Weapons
 + Level 2.8 Throwing
 + Level 2.8 Armour
 + Level 7.2 Dodging
 + Level 2.8 Stealth
 + Level 2.8 Shields
 + Level 2.8 Unarmed Combat
 + Level 4.0 Spellcasting
 + Level 2.3 Conjurations
 + Level 7.5 Hexes
 + Level 2.3 Summonings
 + Level 2.3 Necromancy
 + Level 2.3 Translocations
 + Level 2.3 Fire Magic
 + Level 2.3 Ice Magic
 + Level 2.3 Air Magic
 + Level 2.3 Earth Magic
 + Level 2.3 Alchemy
 + Level 4.1 Invocations
 + Level 2.8 Evocations
 + Level 3.6 Shapeshifting


You had 13 spell levels left.
You knew the following spells:

 Your Spells              Type           Power      Damage    Failure   Level
a - Slow                  Hex            92%        N/A       1%          1

Your spell library contained the following spells:

 Spells                   Type           Power      Damage    Failure   Level
 Inner Flame              Hex/Fire       16%        N/A       10%         3


Dungeon Overview and Level Annotations

Branches:
Dungeon (5/15)              Sewer (visited)
 Temple: D:4-7

Altars:

Shops:
D:4 [

Annotations:
D:5 Dowan


Innate Abilities, Weirdness & Mutations

You have very sharp teeth.
Your uncanny sense of smell can sniff out nearby items.
Your experience applies equally to all skills.


Message History

There is an open door here.
The hound bites you but does no damage. The hound barely misses you.
You hit the hound.
The hound is poisoned.
The hound is lightly wounded.
The jelly misses you. The hound barely misses you.
You hit the hound.
The hound is heavily wounded.
The hound bites you but does no damage. The jelly hits you but does no damage.
The hound closely misses you.
There is an open door here.
The hound attacks as it pursues you! The hound closely misses you.
You hit the hound.
The hound looks as sick as possible!
The hound is almost dead.
The hound barely misses you.
You hit the hound but do no damage. You bite the hound.
You kill the hound!
You hit the jelly.
Your hands burn!
The jelly is lightly wounded.
The jelly misses you.
You hit the jelly. The acid corrodes you!
Your hands burn!
The jelly is moderately wounded.
You hit the jelly.
Your hands burn!
The jelly is heavily wounded.
The jelly hits you. The acid corrodes you!
You are splashed with acid!
You hit the jelly but do no damage.
Your hands burn!
The jelly is heavily wounded.
The jelly hits you.
You are splashed with acid.
You hit the jelly but do no damage.
Your hands burn!
You bite the jelly, but do no damage.
The jelly is heavily wounded.
The jelly hits you but does no damage.
You hit the jelly but do no damage.
Your hands burn!
* * * LOW HITPOINT WARNING * * *
The jelly is heavily wounded.
The jelly hits you.
* * * LOW HITPOINT WARNING * * *
The acid corrodes you!
You are splashed with acid!
* * * LOW HITPOINT WARNING * * *
You hit the jelly but do no damage.
Your hands burn!
You die...

#### ########...
########......'.†.
#....##..######...
#.#...#.## #...
#.#<....# ####
#.#.....#
#@#.#..##
##.####J#....#
#.........#.##
#........>....
#.........#....
#.........#....
#....?.........
#########.... .
)#...


You could see a jelly.

Vanquished Creatures
  Duvessa (D:5)
  A centaur (D:5)
  2 brain worms (Sewer)
  A scorpion (D:4)
  A howler monkey (D:4)
  A gnoll bouda (D:4)
  4 hounds
  5 gnolls (D:4)
  4 river rats
  6 adders
  3 ribbon worms
  A dart slug (D:1)
  An orc (D:3)
  6 ball pythons
  6 endoplasms
  9 giant cockroaches
  4 goblins
  5 hobgoblins
  2 jackals (D:3)
  5 kobolds
  4 quokkas
  2 bats (D:3)
  8 frilled lizards
  6 rats
88 creatures vanquished.

Notes
Turn   | Place    | Note
-------+----------+-------------------------------------------
     0 | D:1      | Maxmaps the Gnoll Wanderer began the quest for the Orb.
     0 | D:1      | Maxmaps set off with the following items: a +0 club, 3
                  | throwing nets, a scroll of fog, a scroll of summoning, a +0
                  | leather armour; and the following spell memorised: Slow;
                  | and the following spells available to memorise: Inner
                  | Flame.
     0 | D:1      | Reached XP level 1. HP: 13/13 MP: 4/4
   257 | D:1      | You fall into a shaft and drop 1 floor!
   280 | D:2      | Reached XP level 2. HP: 17/19 MP: 5/5
   615 | D:2      | Reached XP level 3. HP: 22/25 MP: 7/7
   923 | D:3      | Reached skill level 1 in Fighting
   923 | D:3      | Reached skill level 1 in Short Blades
   923 | D:3      | Reached skill level 1 in Long Blades
   923 | D:3      | Reached skill level 1 in Axes
   923 | D:3      | Reached skill level 1 in Maces & Flails
   923 | D:3      | Reached skill level 1 in Polearms
   923 | D:3      | Reached skill level 1 in Staves
   923 | D:3      | Reached skill level 1 in Ranged Weapons
   923 | D:3      | Reached skill level 1 in Throwing
   923 | D:3      | Reached skill level 1 in Armour
   923 | D:3      | Reached skill level 1 in Stealth
   923 | D:3      | Reached skill level 1 in Shields
   923 | D:3      | Reached skill level 1 in Unarmed Combat
   923 | D:3      | Reached skill level 1 in Evocations
   928 | D:3      | Found a glowing drain.
   956 | Sewer    | Entered a sewer
  1048 | Sewer    | Reached XP level 4. HP: 23/32 MP: 8/8
  1098 | Sewer    | Noticed a brain worm
  1109 | Sewer    | Killed a brain worm
  1110 | Sewer    | Reached skill level 1 in Conjurations
  1110 | Sewer    | Reached skill level 1 in Summonings
  1110 | Sewer    | Reached skill level 1 in Necromancy
  1110 | Sewer    | Reached skill level 1 in Translocations
  1110 | Sewer    | Reached skill level 1 in Fire Magic
  1110 | Sewer    | Reached skill level 1 in Ice Magic
  1110 | Sewer    | Reached skill level 1 in Air Magic
  1110 | Sewer    | Reached skill level 1 in Earth Magic
  1110 | Sewer    | Reached skill level 1 in Alchemy
  1110 | Sewer    | Reached XP level 5. HP: 20/37 MP: 6/9
  1275 | Sewer    | Reached XP level 6. HP: 14/44 MP: 6/11
  2380 | D:4      | Found Von Ofub's Antique Armour Shoppe.
  2508 | D:4      | HP: 1/44 [gnoll bouda/+0 club (4)]
  2514 | D:4      | Reached XP level 7. HP: 14/51 MP: 12/12
  3268 | D:5      | Entered Level 5 of the Dungeon
  3356 | D:5      | Noticed Duvessa
  3357 | D:5      | Noticed Dowan
  3397 | D:5      | Killed Duvessa
  3503 | D:5      | Splashed by a jelly's acid

Illustrated notes

Levels and vault maps discovered:
D:1:      dpeg_arrival_brainrot, layout_loops_ring,
          shapermc_ecumenical_altar_rom_forum, minmay_heptomino_o4
D:2:      layout_rooms
D:3:      layout_loops_ring, gup_sewer_entry_bubbles, minmay_box_of_dots
D:4:      layout_basic, serial_shops, shop
D:5:      layout_basic, hangedman_decor_riveting, uniq_ijyb, uniq_duvessa

Skill      XL: |  1  2  3  4  5  6  7 |
---------------+----------------------+-----
Fighting       | 1 2 |  2.8
Short Blades   | 1 2 |  2.8
Long Blades    | 1 2 |  2.8
Axes           | 1 2 |  2.8
Maces & Flails | 1 2 |  2.8
Polearms       | 1 2 |  2.8
Staves         | 1 2 |  2.8
Ranged Weapons | 1 2 |  2.8
Throwing       | 1 2 |  2.8
Armour         | 1 2 |  2.8
Stealth        | 1 2 |  2.8
Shields        | 1 2 |  2.8
Unarmed Combat | 1 2 |  2.8
Evocations     | 1 2 |  2.8
Spellcasting   | 3 4 |  4.0
Conjurations   | 1 2 |  2.3
Summonings     | 1 2 |  2.3
Necromancy     | 1 2 |  2.3
Translocations | 1 2 |  2.3
Fire Magic     | 1 2 |  2.3
Ice Magic      | 1 2 |  2.3
Air Magic      | 1 2 |  2.3
Earth Magic    | 1 2 |  2.3
Alchemy        | 1 2 |  2.3
Invocations    | 3 4 |  4.1
Shapeshifting  | 3 |  3.6
Dodging        | 7 |  7.2
Hexes          | |  7.5

Action                     |  1- 3 |  4- 6 |  7- 9 || total
---------------------------+-------+-------+-------++-------
  Melee: Club              |    29 |       |       ||    29
         Bite              |    10 |    18 |     9 ||    37
         Dagger            |   106 |   183 |    62 ||   351
    Use: Scroll            |     6 |       |     1 ||     7
         Potion            |       |     3 |       ||     3
   Stab: Sleeping          |       |     6 |       ||     6
 Armour: Leather armour    |    56 |   101 |    53 ||   210
  Dodge: Dodged            |    77 |   126 |    54 ||   257
         Repelled          |     8 |     1 |     4 ||    13

Table legend: (Time is in decaauts)
 A = Elapsed time spent in this place.
 B = Non-inter-level travel time spent in this place.
 C = Inter-level travel time spent in this place.
 D = Time resting spent in this place.
 E = Time spent auto-exploring this place.
 F = Levels seen in this place.
 G = Mean time per level.
                   A        B        C        D        E       F      G
               +--------+--------+--------+--------+--------+-----+--------+
         Total |   3590 |   3466 |    124 |    272 |   2356 |   6 |  598.3 |
       Dungeon |   2880 |   2756 |    124 |    170 |   1947 |   5 |  576.0 |
         Sewer |    710 |    710 |      0 |    102 |    409 |   1 |  710.0 |
               +--------+--------+--------+--------+--------+-----+--------+

Top non-repeatable levels by time:
     D:3: 925 daAuts
     D:4: 880 daAuts
   Sewer: 710 daAuts
     D:2: 582 daAuts
     D:1: 262 daAuts
     D:5: 229 daAuts
